 Dungeon Crawl Stone Soup version 0.29.0-5-ge4962eb29e (webtiles) character file.

Game seed: 2144489904973468692

3 Slocknog the Ducker (level 1, 9/10 HPs)
             Began as a Felid Berserker on Aug 28, 2022.
             Was a Follower of Trog.
             Quit the game on level 1 of the Dungeon.
             The game lasted 00:00:30 (72 turns).

Slocknog the Ducker (Felid Berserker)                 Turns: 72, Time: 00:00:31

Health: 9/10       AC:  1    Str: 13    XL:     1   Next: 41%
Magic:  2/2        EV: 18    Int:  8    God:    Trog [*.....]
Gold:   24         SH:  0    Dex: 15    Spells: 0/0 levels left
                                        Lives:  0   Deaths: 0

rFire   . . .      SeeInvis +     - Unarmed
rCold   . . .      Faith    .   (shield unavailable)
rNeg    . . .      Spirit   .   (body armour unavailable)
rPois   .          Reflect  .   (helmet unavailable)
rElec   .          Harm     .   (cloak unavailable)
rCorr   .          Rampage  .   (gloves unavailable)
Will    .....                   (boots unavailable)
Stlth   +.........              (no amulet)
HPRegen 0.03/turn               (no ring)
MPRegen 0.08/turn               (no ring)

@: quick
A: very small, claws 1, fangs 3, see invisible, speed 1, shaggy fur 1, stealthy
paws, no weapons or thrown items, no armour, multi-lived
a: Renounce Religion, Berserk


You were on level 1 of the Dungeon.
You worshipped Trog.
Trog was aware of your devotion.
You visited 1 branch of the dungeon, and saw 1 of its levels.

You collected 24 gold pieces.

Inventory:

Scrolls
 a - a scroll of amnesia {unknown}
Potions
 b - a potion of curing {unknown}


   Skills:
 + Level 3.0 Fighting
 + Level 4.1 Dodging
 + Level 3.0 Unarmed Combat


You couldn't memorise any spells.
You didn't know any spells.
Your spell library was empty.

Dungeon Overview and Level Annotations

Branches:
Dungeon (1/15)

Altars:


Innate Abilities, Weirdness & Mutations

You have sharp claws.
You have razor-sharp teeth.
You have supernaturally acute eyesight. (SInv)
You cover ground quickly. (Speed+)
You are covered in fur. (AC +1)
Your paws help you pounce on unaware monsters.
You are incapable of wielding weapons or throwing items.
You cannot wear armour.
You gain extra lives every three experience levels.


Message History

An endoplasm comes into view.
The endoplasm quivers.
The endoplasm misses you.
You scratch the endoplasm.
You kill the endoplasm!
Trog accepts your kill.
Found a stone staircase leading down.
A giant cockroach comes into view.
You barely miss the giant cockroach.
You bite the giant cockroach, but do no damage.
The giant cockroach closely misses you.
You scratch the giant cockroach.
The giant cockroach is heavily wounded.
The giant cockroach misses you.
You closely miss the giant cockroach.
The giant cockroach is heavily wounded.
The giant cockroach closely misses you.
You scratch the giant cockroach.
The giant cockroach is severely wounded.
The giant cockroach bites you. The giant cockroach barely misses you.
You scratch the giant cockroach.
You kill the giant cockroach!
Trog accepts your kill.
A rat comes into view.
Found 5 gold pieces.
You see here a giant cockroach corpse.
Found a dagger.
You scratch the rat.
You kill the rat!
Trog accepts your kill.
You see here a rat corpse.
Found a scroll labelled LEUKHL WEUBB.
Found a smoky golden potion.
You now have 24 gold pieces (gained 5).
You see here a +0 dagger.
b - a smoky golden potion Welcome back, Slocknog the Felid Berserker.
Trog says: Kill them all!
Press ? for a list of commands and other information.
Are you sure you want to abandon this character and quit the game? (Confirm with "yes".)

#### #. #.. # #.##.# ..
#.#.##@#
###.####.#.##.#####..
.....................
###....#.#.#.##)#####..
... ..... #....#####.
#.##.#.###...........
##....#...............
#>....†...†...........
#.#.#.#####...........


There were no monsters in sight!

Vanquished Creatures
  An endoplasm (D:1)
  A giant cockroach (D:1)
  A rat (D:1)
3 creatures vanquished.

Notes
Turn   | Place    | Note
-------+----------+-------------------------------------------
     0 | D:1      | Slocknog the Felid Berserker began the quest for the Orb.
     0 | D:1      | Reached XP level 1. HP: 10/10 MP: 2/2
    72 | D:1      | Quit the game

Illustrated notes

Levels and vault maps discovered:
D:1:      dpeg_arrival_windows_large_door, layout_basic

Action                   || total
-------------------------++-------
Melee: Unarmed           ||     7
       Bite              ||     1
Dodge: Dodged            ||     5
